 Dungeon Crawl Stone Soup version 0.31-a0-881-ge136f0c47a (webtiles) character file.

Game seed: 422651573720524849

1071 scionoferis the Cleaver (level 8, -5/63 (73) HPs)
             Began as a Minotaur Chaos Knight on Oct 15, 2023.
             Was a Plaything of Xom.
             Slain by a wight
             ... wielding a +3 flail
              (8 damage)
             ... on level 5 of the Dungeon.
             The game lasted 00:09:46 (3834 turns).

scionoferis the Cleaver (Minotaur Chaos Knight)     Turns: 3834, Time: 00:09:47

HP:   -5/63 (73)    AC:  6    Str: 16    XL:     8   Next: 7%
MP:   0/7           EV: 11    Int:  9    God:    Xom [.*....]
Gold: 113           SH:  0    Dex: 13    Spells: 7/7 levels left

rFire   . . .        a - +0 hand axe (chaos)
rCold   . . .        (no shield)
rNeg    . . .        b - +2 leather armour
rPois   .            (helmet restricted)
rElec   .            (no cloak)
rCorr   .            w - +0 pair of gloves
SInv    +            (no boots)
Will    .....        o - amulet of guardian spirit
Stlth   +            v - ring of see invisible
HPRegen 0.30/turn    (no ring)
MPRegen 0.10/turn

%: guardian spirit
@: heavily drained
A: horns 2, retaliatory headbutt, claws 1, hooves 1
a: Renounce Religion


You were on level 5 of the Dungeon.
You worshipped Xom.
You were a plaything of Xom.
You visited 1 branch of the dungeon, and saw 6 of its levels.

You collected 226 gold pieces.
You spent 113 gold pieces at shops.


Innate Abilities, Weirdness & Mutations

You have a pair of horns on your head.
You reflexively headbutt those who attack you in melee.
You have sharp fingernails.
You have large cloven feet.


   Skills:
 + Level 7.5 Fighting
 * Level 9.9 Axes
 - Level 2.4 Armour
 - Level 1.1 Dodging


You had 7 spell levels left.
You didn't know any spells.
Your spell library contained the following spells:

 Spells                   Type           Power      Damage    Failure   Level
 Summon Small Mammal      Summ           0%         N/A       43%         1
 Call Canine Familiar     Summ           0%         N/A       82%         3
 Dazzling Flash           Conj/Hex       0%         N/A       82%         3
 Summon Guardian Golem    Hex/Summ       0%         N/A       82%         3
 Volatile Blastmotes      Fire/Tloc      0%         2d10      82%         3
 Fulminant Prism          Conj/Hex       0%         3d5       99%         4
 Iskenderun's Mystic Bla  Conj/Tloc      0%         2d3       99%         4
 Agony                    Necr           0%         N/A       100%        5
 Silence                  Hex/Air        0%         N/A       100%        5

Inventory:

Hand Weapons
 a - a +0 hand axe of chaos (weapon)
 p - a +2 vampiric hand axe
   (You took it off an orc on level 3 of the Dungeon)
Missiles
 i - 2 javelins
 q - a throwing net
 t - 33 stones
 u - 3 poisoned darts (quivered)
Armour
 b - a +2 leather armour (worn)
 w - a +0 pair of gloves (worn)
   (You found it on level 4 of the Dungeon)
 C - a +1 leather armour of fire resistance
   (You took it off Ijyb on level 5 of the Dungeon)
 D - a +0 buckler
   (You found it on level 5 of the Dungeon)
 G - a +0 kite shield
   (You found it on level 5 of the Dungeon)
Jewellery
 o - an amulet of guardian spirit (around neck)
   (You found it on level 3 of the Dungeon)
 v - a ring of see invisible (left hand)
   (You found it on level 3 of the Dungeon)
Wands
 y - a wand of roots (17)
   (You found it on level 4 of the Dungeon)
Scrolls
 c - 2 scrolls of butterflies
 e - 3 scrolls of teleportation
 g - a scroll of blinking {unknown}
 k - 3 scrolls of vulnerability {unknown}
 l - a scroll of revelation {unknown}
 m - 2 scrolls of enchant weapon {unknown}
 r - 3 scrolls of identify {unknown}
 s - a scroll of brand weapon {unknown}
 z - 2 scrolls of enchant armour {unknown}
 A - 2 scrolls of fog {unknown}
 B - 3 scrolls of noise {unknown}
 F - 2 scrolls of acquirement {unknown}
 I - a scroll of amnesia {unknown}
Potions
 d - 2 potions of attraction {unknown}
 f - 3 potions of curing {unknown}
 h - a potion of mutation {unknown}
 j - 2 potions of resistance {unknown}
 n - a potion of haste {unknown}
 x - a potion of lignification {unknown}
 E - a potion of brilliance {unknown}
 H - a potion of cancellation {unknown}

Dungeon Overview and Level Annotations

Branches:
Dungeon (6/15)
 Temple: D:4-7

Altars:
Gozag

Shops:
D:2 [ D:3

[:*
............................##
............................#
..........................###
..........................#
..........................#
....................[.....#
..........................#
................z..[......#
................@.........#
.............[.z..........#
..........................#
..........................#
..........................#
..........................#
..........................#
###.........#.########.####
#.........#.# #.#


You could see 2 wights.


Message History

You see here a +0 chain mail.
There is a stone staircase leading down here.
You climb downwards.
Found a dagger and a storm talisman.
There is a stone staircase leading up here.
A quokka comes into view.
A quokka is nearby!
The quokka misses you.
You closely miss the quokka. You kick the quokka. You headbutt the quokka.
You kill the quokka!
No target in view!
You now have 58 gold pieces (gained 14).
You now have 65 gold pieces (gained 7).
k - 3 scrolls labelled MIESES ROXOALL (gained 1)
An orc comes into view. It is wielding a +0 short sword.
The orc shouts!
A ball python comes into view.
A kobold comes into view. It is wielding a +0 short sword.
The ball python hisses angrily.
You hear a shout!
The orc hits you but does no damage.
An orc wizard comes into view. It is wielding a +0 dagger.
You hear a shout!
You slash the orc!
You kill the orc!
You hear a shout!
You hit the ball python but do no damage.
The ball python seems to speed up.
You kick the ball python.
The ball python is heavily wounded.
The ball python bites you. The ball python grabs you.
The ball python constricts you. The ball python barely misses you.
The ball python constricts you.
You barely miss the ball python. You kick the ball python.
You kill the ball python!
You closely miss the kobold. The kobold barely misses you.
You completely miss the kobold. You kick the kobold, but do no damage.
An orc priest comes into view. It is wielding a +0 flail.
An orc comes into view. It is wielding a +0 club.
The kobold hits you but does no damage.
You hit the kobold but do no damage.
The kobold seems to grow stronger.
You kick the kobold, but do no damage. The kobold misses you.
You furiously retaliate!
You headbutt the kobold!
You kill the kobold!
The orc wizard misses you.
Items here: )) [ †††.
You closely miss the orc wizard. You headbutt the orc wizard!
The orc wizard is heavily wounded.
The orc wizard misses you.
You hit the orc wizard. You kick the orc wizard.
The orc wizard is severely wounded.
The orc wizard hits you but does no damage.
You hit the orc wizard.
You kick the orc wizard, but do no damage.
The orc wizard is almost dead.
The orc wizard points at you and mumbles some strange words.
The magic dart hits you!
You barely miss the orc wizard. You kick the orc wizard.
You kill the orc wizard!
You hit the orc priest. You drain the orc priest.
You kick the orc priest, but do no damage.
The orc priest is heavily wounded.
The orc priest closely misses you.
You hit the orc priest but do no damage.
The orc priest is heavily wounded.
The orc priest hits you with a +0 flail!
You completely miss the orc priest.
The orc priest is heavily wounded.
The orc priest closely misses you.
You hit the orc priest but do no damage.
You drain the orc priest. You kick the orc priest.
You kill the orc priest!
You hit the orc. Lightning courses through the orc!
You kill the orc!
No target in view!
Magic restored.
HP restored.
Items here: ))) [ †.
Xom twists space around you.
Your surroundings seem slightly different.
Your surroundings suddenly seem different.
Found a +0 club and a dagger.
Your surroundings suddenly seem different.
An ogre comes into view. It is wielding a +0 giant club.
The ogre shouts!
You see here 4 gold pieces.
Throw: 3 darts (poison)
Press: ? - help, Q - select action, (/) - cycle Shift-Dir - straight line, f - ogre
Aim: an ogre, wielding a +0 giant club (72% to hit)
You throw a poisoned dart. The poisoned dart hits the ogre.
The ogre is poisoned. "Serve the toy, my child!"
Your crimson imp barely misses the ogre.
Something hits your crimson imp!
Your crimson imp hits the ogre.
The ogre barely misses you. You furiously retaliate!
You headbutt the ogre!
Your crimson imp blinks!
You hit the ogre. You drain the ogre. You kick the ogre.
The ogre is severely wounded.
You barely miss the ogre. You kick the ogre, but do no damage.
The ogre is almost dead.
Your crimson imp blinks!
The ogre hits you with a +0 giant club!
You hit the ogre.
The ogre is almost dead.
The ogre looks more healthy.
The ogre hits you with a +0 giant club!!
You hit the ogre.
You kill the ogre!
Your Axes skill increases to level 7!
You have reached level 6!
Things that are here:
a +0 giant club; an ogre corpse A scorpion comes into view.
Throw: 2 darts (poison)
Press: ? - help, Q - select action, (/) - cycle Shift-Dir - straight line, f - scorpion
Aim: a scorpion (56% to hit)
You throw a poisoned dart. The poisoned dart hits the scorpion.
The scorpion is poisoned.
Unknown command.
Throw: dart (poison)
Press: ? - help, Q - select action, (/) - cycle Shift-Dir - straight line, f/p - scorpion
Aim: a scorpion (lightly wounded, poisoned, ally target, 56% to hit)
You throw a poisoned dart.
The poisoned dart closely misses the scorpion.
Unknown command.
Your crimson imp barely misses the scorpion.
You closely miss the scorpion.
You kick the scorpion, but do no damage.
Your headbutt misses the scorpion.
The scorpion is moderately wounded.
The scorpion stings you but does no damage.
Your crimson imp closely misses the scorpion.
The scorpion stings you.
You hit the scorpion but do no damage.
You kick the scorpion, but do no damage.
The scorpion is heavily wounded.
The scorpion looks more healthy.
Your crimson imp barely misses the scorpion.
The scorpion barely misses you. You furiously retaliate!
You headbutt the scorpion!
You kill the scorpion!
You now have 69 gold pieces (gained 4).
u - a poisoned dart An adder comes into view.
You see here a poisoned dart.
The adder bites you.
You hit the adder but do no damage.
The adder suddenly stops moving!
You headbutt the adder. You claw the adder.
The adder is severely wounded.
The helpless adder fails to defend itself.
You slash the adder!
You kill the adder!
No target in view!
u - 2 poisoned darts (gained 1)
A quokka comes into view.
The quokka moves out of view.
A quokka is nearby!
The quokka twitches its whiskers.
The quokka bites you.
You hit the quokka but do no damage.
The quokka suddenly seems more agile.
The quokka bites you but does no damage.
You completely miss the quokka. Your kick misses the quokka.
Your headbutt misses the quokka. The quokka bites you.
Your crimson imp barely misses the quokka.
You miss the quokka. The quokka barely misses you. You furiously retaliate!
You headbutt the quokka.
You kill the quokka!
Press: ? - help, v - describe, . - travel
Here: a crimson imp (summoned, friendly)
The floor.
Press: ? - help, v - describe, . - travel
Here: a crimson imp (summoned, friendly)
The floor.
Things that are here:
a +0 giant club; an ogre corpse
u - 3 poisoned darts (gained 1)
You now have 83 gold pieces (gained 14).
Found a stone staircase leading down.
Your crimson imp disappears in a puff of smoke!
Found a sling.
Found a pair of gloves.
Found a viscous black potion.
You see here a +0 pair of gloves.
w - a +0 pair of gloves You start putting on your armour.
You continue putting on your +0 pair of gloves. x4
You finish putting on your +0 pair of gloves.
x - a viscous black potion A dart slug comes into view.
The dart slug launches a dart at you.
The slug dart hits you but does no damage.
The dart slug barely misses you.
You slash the dart slug! You freeze the dart slug. You kick the dart slug.
You kill the dart slug!
No target in view!
You see here a dart slug corpse.
You see here a dart slug corpse.
You see here a storm talisman.
You see here a +0 dagger.
An adder comes into view.
The adder hisses angrily.
The adder closely misses you.
You hit the adder. Your kick misses the adder.
The adder is lightly wounded.
The adder bites you but does no damage.
You hit the adder.
Space warps around the adder.
Your headbutt misses the adder.
The adder is almost dead.
The adder closely misses you.
You closely miss the adder.
The adder is almost dead.
The adder barely misses you.
You closely miss the adder.
The adder is almost dead.
The adder barely misses you. You furiously retaliate!
You headbutt the adder.
You kill the adder!
No target in view!
You see here an adder corpse.
Found an opulent altar of Gozag.
You now have 99 gold pieces (gained 16).
An adder comes into view.
The adder hisses angrily.
The adder misses you.
An adder is nearby!
You closely miss the adder. You kick the adder. Your headbutt misses the adder.
The adder is moderately wounded.
The adder bites you but does no damage.
You barely miss the adder.
The adder is moderately wounded.
The adder bites you but does no damage.
You closely miss the adder.
The adder is moderately wounded.
The adder barely misses you.
You hit the adder.
The adder is severely wounded.
The adder misses you.
You barely miss the adder. Your headbutt misses the adder.
The adder is severely wounded.
The adder closely misses you. The adder bites you.
You are poisoned.
The adder poisons you!
You hit the adder. You burn the adder.
You kill the adder!
You feel sick.
Your Fighting skill increases to level 6!
No target in view!
You feel sick.
You feel sick.
You feel sick.
You feel sick.
You feel sick.
You feel sick.
You are no longer poisoned.
You now have 113 gold pieces (gained 14).
Found a stone staircase leading down.
Found a short sword.
y - a wand of roots (6)
A hobgoblin comes into view.
The hobgoblin shouts!
The hobgoblin closely misses you.
You closely miss the hobgoblin. Your kick misses the hobgoblin.
The hobgoblin hits you but does no damage.
You hit the hobgoblin.
The hobgoblin seems to speed up.
Xom thinks this is hilarious!
You kick the hobgoblin.
You kill the hobgoblin!
No target in view!
An iguana comes into view.
The iguana hisses angrily.
The iguana bites you.
You hit the iguana. You freeze the iguana. You kick the iguana.
The iguana is moderately wounded.
The iguana barely misses you.
You closely miss the iguana. You kick the iguana, but do no damage.
You headbutt the iguana!
The iguana is almost dead.
The iguana misses you.
You hit the iguana but do no damage.
The iguana is poisoned.
You headbutt the iguana.
You kill the iguana!
No target in view! "Take this token of my esteem."
Something appears at your feet!
z - a scroll labelled SINIPP QUSAE {god gift}
A - a scroll labelled UNNOMEI VILAO A kobold comes into view.
It is wielding a +0 dagger.
The kobold closely misses you.
You hit the kobold. Lightning courses through the kobold!!
You kill the kobold!
No target in view!
A sleepcap comes into view.
Found a scroll labelled USUZXOADAD.
You see here a +0 dagger.
A sleepcap is nearby!
The sleepcap barely misses you. You furiously retaliate!
You headbutt the sleepcap. You hit the sleepcap but do no damage.
The sleepcap is lightly damaged.
The sleepcap releases spores at you.
You are engulfed in a cloud of soporific spores!
You fall asleep.
The sleepcap releases spores at you!
You wake up.
You are engulfed in a cloud of soporific spores!
You are unaffected.
You slash the sleepcap!
Space warps around the sleepcap.
You headbutt the sleepcap, but do no damage.
The sleepcap is heavily damaged.
You slash the sleepcap!
The sleepcap seems to grow stronger.
You kick the sleepcap. You headbutt the sleepcap! You punch the sleepcap.
You destroy the sleepcap!
No target in view!
r - 2 scrolls labelled USUZXOADAD (gained 1)
Found a stone staircase leading up.
There is a stone staircase leading up here.
Found a stone staircase leading up.
You now have 124 gold pieces (gained 11).
Found a shortbow.
You now have 132 gold pieces (gained 8).
A ball python comes into view.
Found a scroll labelled XAACEG KEUREMI.
The ball python hisses angrily.
You completely miss the ball python. Your headbutt misses the ball python.
The ball python misses you. The ball python grabs you.
The ball python constricts you.
You slash the ball python!
You kill the ball python!
No target in view!
e - 2 scrolls labelled XAACEG KEUREMI (gained 1)
You open the door.
There is an open door here.
There is an open door here.
Found a stone staircase leading down.
You are now a favourite toy of Xom.
A goblin comes into view. It is wielding a +0 club.
The goblin shouts!
There is a stone staircase leading down here.
A goblin is nearby! "There, this looks better."
You swap places.
The goblin barely misses your butterfly.
The goblin closely misses your butterfly.
You swap places.
The goblin hits you but does no damage.
You miss the goblin. Your headbutt misses the goblin.
The goblin closely misses you.
You hit the goblin.
The goblin seems to grow stronger.
Your kick misses the goblin. Your headbutt misses the goblin.
The goblin is heavily wounded.
The goblin closely misses you.
You slash the goblin! Lightning courses through the goblin!!
You kill the goblin!
t - 24 stones (gained 7)
Things that are here:
a +0 club; a goblin corpse Your butterfly disappears in a puff of smoke!
You now have 148 gold pieces (gained 16).
You see here a +0 sling.
Found a ring mail.
You see here a +0 club.
Done exploring.
You see here a +0 club.
There is a stone staircase leading down here.
Your movement speed is average.
Your attack delay is about 0.9.
Your damage rating with your +0 hand axe of chaos is about 10 (Base 7 x 115% (Str) x 126% (Skill)).
Char dumped successfully.
You have 148 gold pieces.
Unknown command.
Unknown command.
You climb downwards.
There is a stone staircase leading up here.
A hound and a centaur come into view.
Found three items.
The hound barks!
The centaur shouts!
The centaur wields a +0 orcbow.
The centaur shoots an arrow.
The arrow hits you!
You hit the hound. Your kick misses the hound.
The hound is lightly wounded.
The hound bites you but does no damage.
You barely miss the hound. You kick the hound.
The hound is moderately wounded.
The hound barely misses you. x2
You closely miss the hound. You kick the hound, but do no damage.
You headbutt the hound, but do no damage.
The hound is moderately wounded.
The hound bites you.
You miss the hound. You kick the hound, but do no damage.
The hound is moderately wounded.
The hound barely misses you.
You closely miss the hound. Your headbutt misses the hound.
The hound is moderately wounded.
The hound bites you. The hound barely misses you. You furiously retaliate!
You headbutt the hound. You hit the hound. You burn the hound.
You kill the hound!
Your Axes skill increases to level 8!
The centaur unwields a +0 orcbow.
The centaur barely misses you. The centaur kicks you. The centaur hits you.
The centaur kicks you but does no damage.
You see here a hound corpse.
You hit the centaur.
The centaur is poisoned.
You kick the centaur.
The centaur is heavily wounded.
The centaur hits you. The centaur kicks you.
You hit the centaur. You kick the centaur, but do no damage.
Your headbutt misses the centaur.
The centaur is severely wounded.
The centaur hits you. The centaur closely misses you.
You hit the centaur. You freeze the centaur. Your kick misses the centaur.
You headbutt the centaur.
You kill the centaur!
You have reached level 7!
You see here a +0 orcbow.
Magic restored.
An orc wizard comes into view. It is wielding a +0 dagger.
The orc wizard shouts!
An orc comes into view. It is wielding a +0 short sword. x2
The orc shouts!
You hit the orc wizard. You burn the orc wizard. You headbutt the orc wizard.
The orc wizard is moderately wounded.
The orc wizard hits you but does no damage.
You closely miss the orc wizard. You kick the orc wizard.
The orc wizard is severely wounded.
You slash the orc wizard! You burn the orc wizard.
You kill the orc wizard!
Found a buckler.
A water moccasin comes into view.
The orc hits you with a +0 short sword.
You barely miss the orc.
The water moccasin hisses angrily.
Your kick misses the orc. Your headbutt misses the orc. You hit the orc.
The orc hits you but does no damage. x2
A black bear comes into view.
You hit the orc but do no damage. Your kick misses the orc.
You headbutt the orc.
The orc is severely wounded.
You barely miss the orc. The orc hits you with a +0 short sword.
The orc hits you but does no damage.
You hit the orc but do no damage.
The orc is poisoned.
You kick the orc, but do no damage. You headbutt the orc, but do no damage.
The orc is severely wounded.
You hit the orc.
The orc is poisoned.
The orc closely misses you. You furiously retaliate!
You headbutt the orc. The orc hits you but does no damage.
You hit the orc but do no damage.
The orc looks as sick as possible!
You kick the orc, but do no damage. You headbutt the orc, but do no damage.
The orc is severely wounded.
You barely miss the orc. The orc hits you but does no damage.
The orc closely misses you.
You kill the orc!
Items here: $ ) [ †.
The water moccasin barely misses you.
You kill the orc!
The water moccasin attacks as it pursues you!
The water moccasin bites you but does no damage.
You miss the water moccasin.
Your kick misses the water moccasin. "I like them better like this."
The water moccasin reforms as a club.
You closely miss the black bear. You headbutt the black bear.
The black bear is lightly wounded.
Xom titters.
The black bear looks rather confused.
You are now a plaything of Xom.
The black bear closely misses you. The black bear misses you.
The black bear claws you.
You hit the black bear.
The black bear seems to slow down.
You kick the black bear.
The black bear is moderately wounded.
You completely miss the black bear.
The black bear is moderately wounded.
You see here a +0 club.
You hit the black bear. You kick the black bear.
The black bear is heavily wounded.
You strike the helpless black bear from behind!
You hit the black bear but do no damage.
Your kick misses the black bear. You headbutt the black bear.
The black bear is heavily wounded.
The black bear is no longer moving slowly.
The black bear bites you but does no damage.
The black bear claws you. The black bear barely misses you.
You catch the helpless black bear completely off-guard!
You hit the black bear but do no damage.
You kick the black bear.
The black bear is severely wounded.
You barely miss the black bear.
You kick the black bear, but do no damage.
The black bear is severely wounded.
You hit the black bear.
The black bear seems to speed up.
Xom thinks this is hilarious!
You kick the black bear, but do no damage.
Your headbutt misses the black bear. You punch the black bear.
The black bear is severely wounded.
The black bear bites itself!
The black bear is killed!
HP restored.
You now have 151 gold pieces (gained 3).
Items here: )) [[ ††.
B - 3 scrolls labelled DETANGOUMI You now have 162 gold pieces (gained 11).
A - 2 scrolls labelled UNNOMEI VILAO (gained 1)
You now have 173 gold pieces (gained 11).
You now have 182 gold pieces (gained 9).
A jelly comes into view.
Found a stone staircase leading down.
The jelly quivers.
Found 6 gold pieces.
Xom makes a sudden noise!
You hear a voice calling your name.
You hear an angry hiss.
You hear a shout! x2; You hear an angry hiss.
You hear a howl!
You hear a shout!
You hear an angry hiss.
You barely miss the jelly. The jelly closely misses you.
You slash the jelly! You burn the jelly.
Your hands burn!
You kick the jelly. You headbutt the jelly. You punch the jelly.
You kill the jelly!
An ice beast comes into view.
An iguana comes into view.
Ijyb the Twisted Goblin comes into view.
She is wielding a +0 dagger, wearing a +1 leather armour of fire resistance and carrying a wand of roots.
The iguana hisses menacingly.
Ijyb screams, "Level is mine!
All mine!"
Items here: )) [[ ††.
You see here a +0 club.
Ijyb zaps a wand.
The roots erupt in riotous growth!
The grasping roots grab you! The grasping roots constrict you.
You hear an angry hiss.
You hear a howl!
You escape the roots grasp.
Ijyb zaps a wand.
The roots erupt in riotous growth!
The grasping roots grab you! The grasping roots constrict you!
You emit a cloud of colourful smoke!
You escape the roots grasp.
You see here a hound corpse.
There is a stone staircase leading up here.
You barely miss the ice beast.
You headbutt the ice beast, but do no damage.
The ice beast hits you but does no damage.
You hit the ice beast. Your kick misses the ice beast.
The ice beast is moderately wounded.
You hit the ice beast but do no damage.
The ice beast seems to slow down.
You headbutt the ice beast, but do no damage.
The ice beast is moderately wounded.
The ice beast is no longer moving slowly.
The ice beast hits you but does no damage.
You hit the ice beast.
The ice beast seems to grow stronger.
Xom thinks this is hilarious!
The ice beast is moderately wounded.
The ice beast closely misses you.
You hit the ice beast but do no damage. Your kick misses the ice beast.
The ice beast is moderately wounded.
Ijyb zaps a wand.
The roots erupt in riotous growth!
The ice beast is unaffected.
The grasping roots grab you!
The iguana is unaffected.
Ijyb is unaffected.
The grasping roots constrict you. The ice beast closely misses you.
You hear a howl!
You hit the ice beast but do no damage.
Space warps around the ice beast.
Your kick misses the ice beast.
The ice beast is heavily wounded. "Over there now!"
The iguana blinks!
The grasping roots constrict you. The ice beast hits you.
The ice beast freezes you!
You hit the ice beast but do no damage.
The ice beast is poisoned.
The ice beast is heavily wounded.
The grasping roots constrict you.
The grasping roots release their grip on you.
You hit the ice beast but do no damage.
The ice beast is heavily wounded.
The ice beast barely misses you. You furiously retaliate!
You headbutt the ice beast. You barely miss the ice beast.
You kick the ice beast, but do no damage.
Your headbutt misses the ice beast.
The ice beast is heavily wounded.
The ice beast barely misses you.
You hit the ice beast but do no damage. You drain the ice beast.
The ice beast is severely wounded.
The ice beast closely misses you.
You slash the ice beast!
You melt the ice beast.
The ice beast is almost dead.
The ice beast misses you.
You hit the ice beast but do no damage.
The ice beast is almost dead.
The ice beast barely misses you. You furiously retaliate!
You headbutt the ice beast!
You kill the ice beast!
Your Fighting skill increases to level 7!
Your Axes skill increases to level 9!
Unknown command.
Aiming: Fastroot
Press: ? - help, Shift-Dir - straight line, f - iguana
Aim: an iguana (magical condensation)
The roots erupt in riotous growth!
Roots grab the iguana.
Roots grab Ijyb.
The grasping roots constrict Ijyb.
The grasping roots constrict the iguana.
You hear an angry hiss. x2
Ijyb escapes!
The iguana struggles to escape constriction.
Unknown command.
Unknown command.
You slash Ijyb! Your kick misses Ijyb. Your headbutt misses Ijyb.
Ijyb is heavily wounded.
The grasping roots constrict the iguana.
The roots release their grip on the iguana.
Ijyb hits you with a +0 dagger.
You hit Ijyb.
Ijyb is poisoned.
Ijyb is severely wounded.
Ijyb hits you but does no damage.
You completely miss Ijyb.
Ijyb is severely wounded.
Ijyb hits you with a +0 dagger.
You hit Ijyb but do no damage. You kick Ijyb. You punch Ijyb, but do no damage.
Ijyb is almost dead.
Ijyb hits you with a +0 dagger.
You barely miss Ijyb. Your headbutt misses Ijyb.
Ijyb is almost dead.
You kill Ijyb!
The iguana bites you!
* * * LOW HITPOINT WARNING * * *
Items here: ) / [ †.
Unknown command.
You hit the iguana. You freeze the iguana.
You kick the iguana, but do no damage. You headbutt the iguana.
The iguana is almost dead.
The iguana barely misses you.
You barely miss the iguana. You kick the iguana.
You kill the iguana!
C - a +1 leather armour of fire resistance
y - a wand of roots (17) (gained 12 charges)
A howler monkey comes into view.
You see here a +0 orcbow.
Things that are here:
a +0 dagger; a hound corpse
There is a stone staircase leading up, spattered with blood here.
The howler monkey hoots and howls with incredible vigour!
You hear an angry hiss. x2; You hear a shout! x5
The howler monkey misses you.
Things that are here:
a +0 dagger; a hound corpse You hit the howler monkey.
You feel better.
The howler monkey is lightly wounded.
The howler monkey barely misses you. x2
You hit the howler monkey.
The howler monkey is poisoned.
You headbutt the howler monkey.
The howler monkey is moderately wounded.
The howler monkey hits you.
You hit the howler monkey.
Space warps around the howler monkey.
You kick the howler monkey. Your headbutt misses the howler monkey.
The howler monkey is almost dead.
The howler monkey misses you.
You barely miss the howler monkey. Your kick misses the howler monkey.
The howler monkey is almost dead.
The howler monkey barely misses you. You furiously retaliate!
You headbutt the howler monkey!
You kill the howler monkey!
An orc comes into view. It is wielding a +0 short sword.
The orc hits you but does no damage.
An adder comes into view.
The adder hisses angrily.
You slash the orc!
You kill the orc!
You hear a shout!
An orc comes into view. It is wielding a +0 hand axe.
An orc priest comes into view. It is wielding a +0 mace.
The orc priest shouts!
You hear a shout!
An orc wizard comes into view. It is wielding a +0 dagger.
Things that are here:
a +0 short sword; a +0 leather armour; a +0 club
Things that are here:
a +0 dagger; a hound corpse
There is a stone staircase leading up, spattered with blood here.
You miss the adder. Your kick misses the adder.
The adder bites you but does no damage.
You barely miss the adder. The adder closely misses you.
You furiously retaliate!
You headbutt the adder. You hit the adder but do no damage.
Lightning courses through the adder!
You kill the adder!
You hit the orc. You freeze the orc. You kick the orc.
The orc is heavily wounded.
You closely miss the orc. Your kick misses the orc.
Your headbutt misses the orc.
The orc is heavily wounded.
The orc closely misses you.
You barely miss the orc. You kick the orc, but do no damage.
The orc is heavily wounded.
The orc hits you but does no damage.
You hit the orc.
You kill the orc!
You hit the orc priest.
The orc priest is poisoned.
Your kick misses the orc priest. You headbutt the orc priest.
The orc priest is severely wounded.
The orc priest closely misses you.
You hit the orc priest.
You kill the orc priest!
Items here: ))) [[ ††.
An orc and an iguana come into view.
The orc shouts!
The iguana hisses angrily.
You hear a shout! x2
Things that are here:
a +0 short sword; a +0 leather armour; a +0 club You barely miss the iguana.
You kick the iguana. Your headbutt misses the iguana.
The iguana is lightly wounded.
The iguana bites you.
You barely miss the iguana.
The iguana is lightly wounded.
The iguana closely misses you.
A gnoll comes into view. It is wielding a +0 club.
You hit the iguana but do no damage.
The iguana is lightly wounded.
The iguana bites you.
You hit the iguana.
The iguana is poisoned.
The iguana is moderately wounded.
The iguana bites you.
You hit the iguana but do no damage.
The iguana looks as sick as possible!
The iguana is moderately wounded.
The iguana bites you but does no damage.
A gnoll comes into view. It is wielding a +0 halberd.
You hit the iguana. You kick the iguana, but do no damage.
You headbutt the iguana, but do no damage.
The iguana is severely wounded.
You kill the iguana!
Items here: ))) [[ ÷ †.
There is a stone staircase leading up, spattered with blood here.
You hit the orc.
The orc is poisoned.
You kick the orc.
You kill the orc!
The gnoll barely misses you.
You climb upwards.
There is a stone staircase leading down here.
You hit the gnoll. You burn the gnoll. Your kick misses the gnoll.
The gnoll is heavily wounded.
The gnoll hits you with a +0 club.
You completely miss the gnoll.
The gnoll is heavily wounded.
The gnoll hits you with a +0 club.
You slash the gnoll!
You kill the gnoll!
You start resting.
Magic restored.
You start resting.
HP restored.
You climb downwards.
There is a stone staircase leading up, spattered with blood here.
A gnoll bouda comes into view. It is wielding a +0 club.
The gnoll hits you with a +0 halberd!
Items here: )))) [[ ÷ †.
You closely miss the gnoll. Your kick misses the gnoll. You headbutt the gnoll.
The gnoll is moderately wounded.
You closely miss the gnoll. You kick the gnoll.
The gnoll is moderately wounded.
The gnoll bouda gazes fiercely through you!
You feel your attacks grow feeble. The gnoll hits you with a +0 halberd.
You closely miss the gnoll. You kick the gnoll.
The gnoll is heavily wounded.
The gnoll hits you with a +0 halberd.
You hit the gnoll. Lightning courses through the gnoll!
You kill the gnoll!
Things that are here:
a +0 halberd; a gnoll corpse You hit the gnoll bouda but do no damage.
Lightning courses through the gnoll bouda!
You kick the gnoll bouda, but do no damage.
You headbutt the gnoll bouda, but do no damage.
The gnoll bouda is severely wounded.
The gnoll bouda prays to its god.
The gnoll bouda is healed somewhat.
You hit the gnoll bouda.
Space warps horribly around the gnoll bouda!!
You kill the gnoll bouda!
You have reached level 8!
You feel agile.
Your attacks no longer feel as feeble.
Things that are here:
a +0 club; a +0 scale mail; a gnoll corpse A gnoll comes into view.
It is wielding a +0 flail.
Things that are here:
a +0 club; a +0 leather armour; a +0 short sword The gnoll shouts!
The gnoll barely misses you. You furiously retaliate!
You headbutt the gnoll. You hit the gnoll but do no damage.
Your kick misses the gnoll.
The gnoll is moderately wounded.
You hit the gnoll but do no damage. You kick the gnoll, but do no damage.
Your headbutt misses the gnoll.
The gnoll is moderately wounded.
The gnoll hits you with a +0 flail.
You hit the gnoll.
You feel better.
You kick the gnoll, but do no damage. You headbutt the gnoll!
You kill the gnoll!
Items here: )) [ †.
Xom twists space around you.
Your surroundings suddenly seem different.
Your surroundings suddenly seem different.
Found a stone staircase leading down.
Your surroundings suddenly seem different.
Your surroundings suddenly seem different.
Your surroundings suddenly seem different.
Your surroundings seem slightly different.
Your surroundings seem slightly different.
Your surroundings seem slightly different.
Your surroundings suddenly seem different.
An adder comes into view.
Found four items.
Found a stone staircase leading down.
The adder moves out of view.
Unknown command.
A dart slug comes into view.
Found a scroll labelled SINIPP QUSAE.
The dart slug launches a dart at you. The slug dart hits you.
The adder hisses angrily.
You see here a viscous clear potion.
The adder closely misses you.
You closely miss the adder. Your kick misses the adder. You headbutt the adder.
The adder is moderately wounded.
The adder barely misses you. You furiously retaliate!
You headbutt the adder. You barely miss the adder.
The adder is heavily wounded.
The adder closely misses you.
You completely miss the adder. Your kick misses the adder.
You headbutt the adder, but do no damage.
The adder is heavily wounded.
You hit the dart slug but do no damage. You drain the dart slug.
The adder bites you but does no damage.
You miss the adder. Your kick misses the adder.
The adder is heavily wounded.
You hit the dart slug. You freeze the dart slug.
The adder bites you but does no damage. The dart slug closely misses you.
You furiously retaliate!
You headbutt the dart slug!
You kill the dart slug!
You hit the adder.
You kill the adder!
Found a ring mail.
Search for what [? for help]? buckler
Found a leather armour and 7 gold pieces.
Magic restored.
An orc wizard is nearby!
The orc wizard shouts!
The orc wizard barely misses you.
You hit the orc wizard.
The orc wizard is moderately wounded.
The orc wizard hits you but does no damage.
You barely miss the orc wizard. You kick the orc wizard.
Your headbutt misses the orc wizard.
The orc wizard is moderately wounded.
The orc wizard hits you but does no damage.
You barely miss the orc wizard. Your headbutt misses the orc wizard.
The orc wizard is moderately wounded.
The orc wizard barely misses you. You furiously retaliate!
You headbutt the orc wizard.
You hit the orc wizard but do no damage.
You kick the orc wizard.
The orc wizard is severely wounded.
You barely miss the orc wizard. You kick the orc wizard.
Your headbutt misses the orc wizard.
The orc wizard is almost dead.
The orc wizard casts a spell at you.
You are confused.
You closely miss the orc wizard.
The orc wizard is almost dead.
The orc wizard hits you with a +0 dagger.
The orc wizard closely misses you.
The orc wizard gestures at you while chanting.
The puff of flame hits you.
You closely miss the orc wizard. Your headbutt misses the orc wizard.
The orc wizard is almost dead.
The orc wizard casts a spell at you. The puff of flame hits you.
You closely miss the orc wizard. Your kick misses the orc wizard.
Your headbutt misses the orc wizard.
The orc wizard is almost dead.
The orc wizard barely misses you. The orc wizard closely misses you.
You feel less confused.
You slash the orc wizard! You burn the orc wizard.
You kill the orc wizard!
Things that are here:
a +0 dagger; a +0 robe Unknown command.
Search for what [Enter for "buckler", or ? for help]? buck "This place needs a little more atmosphere."
You see here a +0 buckler.
D - a +0 buckler HP restored.
You open the door.
There is an open door here.
Your trail of clouds dissipates.
r - 3 scrolls labelled USUZXOADAD (gained 1)
You now have 188 gold pieces (gained 6).
You now have 195 gold pieces (gained 7).
You see here a +0 ring mail.
E - a viscous clear potion
e - 3 scrolls labelled XAACEG KEUREMI (gained 1)
z - 2 scrolls labelled SINIPP QUSAE {god gift} (gained 1)
You pick up a book of the Senses and begin reading...
You add the spells Dazzling Flash, Agony and Silence to your library.
A dart slug comes into view.
Found 19 gold pieces.
You hit the dart slug but do no damage. You headbutt the dart slug.
The dart slug is heavily wounded.
The dart slug barely misses you.
You hit the dart slug. You burn the dart slug. You headbutt the dart slug.
You kill the dart slug!
No target in view!
You now have 214 gold pieces (gained 19).
t - 33 stones (gained 9)
You now have 226 gold pieces (gained 12).
Found a stone staircase leading up.
F - a scroll labelled VOTYNO IPATT
Found a kite shield.
Found 2 clear potions.
You see here a +0 kite shield.
G - a +0 kite shield
f - 3 clear potions (gained 2)
Found a stone staircase leading up.
There is a stone staircase leading up here.
Done exploring.
Done exploring.
Your movement speed is average.
Your attack delay is about 0.8.
Your damage rating with your +0 hand axe of chaos is about 10 (Base 7 x 115% (Str) x 133% (Skill)).
Char dumped successfully.
You have 226 gold pieces.
Unknown command.
Search for what [Enter for "buck", or ? for help]? shop
There is a stone staircase leading up here.
You climb upwards.
There is a stone staircase leading down here.
You see here a storm talisman.
You see here a +0 dagger.
There is a stone staircase leading up here.
You climb upwards.
There is a stone staircase leading down here.
There is an entrance to Fatir's Assorted Antiques here.
e - 4 scrolls labelled XAACEG KEUREMI (gained 1)
H - a sapphire potion;
I - a scroll labelled ULLUULIGOB
F - 2 scrolls labelled VOTYNO IPATT (gained 1) Thank you for shopping at Fatir's Assorted Antiques!
Unknown command.
You have 113 gold pieces.
Search for what [Enter for "shop", or ? for help]? shop Unknown command.
Unknown command.
What level of the Dungeon? (default 3, ? - help)
There is a stone staircase leading down here.
You climb downwards.
There is a stone staircase leading up here.
There is a stone staircase leading down here.
You climb downwards.
There is a stone staircase leading up here.
There is a stone staircase leading down here.
You climb downwards.
You hear the sound of rushing water.
There is an entrance to a sewer on this level.
Hurry and find it before the portal rusts away!
There is a stone staircase leading up here.
As you read the scroll labelled XAACEG KEUREMI, it crumbles to dust.
You feel strangely unstable.
It was a scroll of teleportation.
You climb upwards.
There is a stone staircase leading down here.
Unknown command.
Your surroundings suddenly seem different.
There is a stone staircase leading down here.
You climb downwards.
You hear the sound of rushing water.
There is an entrance to a sewer on this level.
Hurry and find it before the portal rusts away!
Found a chain mail.
There is a stone staircase leading up here.
The wight hits you with a +3 flail.
You feel drained.
You climb upwards.
There is a stone staircase leading down here.
You closely miss the wight. You kick the wight, but do no damage.
Your headbutt misses the wight. You hit the wight but do no damage.
The wight easily resists.
The wight hits you with a +3 flail!
You feel drained.
The wight hits you with a +5 long sword!
You feel drained.
You hit the wight. You headbutt the wight.
The wight is lightly damaged.
You hit the wight but do no damage.
The wight suddenly seems more resistant.
The wight barely misses you.
The wight hits you with a +5 long sword.
Unknown command.
You hit the wight but do no damage. You kick the wight, but do no damage.
You headbutt the wight, but do no damage.
The wight is lightly damaged.
You hit the wight but do no damage.
The wight suddenly seems more agile.
The wight hits you with a +3 flail.
You feel drained.
The wight hits you with a +5 long sword!
* * * LOW HITPOINT WARNING * * *
You hit the wight but do no damage. Your kick misses the wight.
The wight is lightly damaged.
You closely miss the wight. The wight hits you with a +3 flail!
* * * LOW HITPOINT WARNING * * *
The wight barely misses you.
Unknown command.
You barely miss the wight.
The wight is lightly damaged.
You hit the wight but do no damage.
The wight seems to speed up.
Xom thinks this is hilarious!
The wight hits you with a +5 long sword!
* * * LOW HITPOINT WARNING * * *
You feel drained.
* * * LOW HITPOINT WARNING * * *
You hit the wight but do no damage.
The wight seems to speed up.
You headbutt the wight.
The wight is moderately damaged.
You hit the wight. The wight hits you with a +3 flail!
You die...
Xom snickers!

Skill      XL: |  1  2  3  4  5  6  7 |
---------------+----------------------+-----
Axes           | 4 5 6 7 8 9 |  9.9
Fighting       | 4 5 6 7 |  7.5
Armour         | |  2.4
Dodging        | |  1.1

Action                     |  1- 3 |  4- 6 |  7- 9 || total
---------------------------+-------+-------+-------++-------
  Melee: Hand axe          |    71 |    99 |    92 ||   262
         Headbutt          |     7 |    14 |    23 ||    44
         Kick              |       |    32 |    29 ||    61
         Punch             |       |     2 |     3 ||     5
  Throw: Dart              |       |     3 |       ||     3
  Evoke: Wand              |       |       |     1 ||     1
    Use: Scroll            |       |       |     1 ||     1
   Stab: Sleeping          |     1 |       |       ||     1
         Paralysed         |       |     1 |       ||     1
         Confused          |       |       |     2 ||     2
 Armour: Leather armour    |    44 |    52 |    51 ||   147
  Dodge: Dodged            |    40 |    44 |    38 ||   122

Levels and vault maps discovered:
D:1:      dpeg_arrival_pond, layout_basic, minmay_crystal_water
D:2:      layout_loops_ring, serial_rivers, chequers_serial_rivers_room_b,
          chequers_serial_rivers_micro_a, chequers_serial_rivers_room_b,
          chequers_serial_rivers_marsh, serial_shops, shop
D:3:      layout_rooms, serial_shops, nicolae_shop_crystal, shop, shop,
          minmay_misc_feat_roman, kennysheep_crisscross,
          kennysheep_generic_room_16
D:4:      layout_loops_ring, nicolae_gozag_cash_rules_everything_around_me,
          roderic_lattice_a, chequers_arboretum
D:5:      layout_basic, nicolae_grassy_gnolls, uniq_ijyb
D:6:      layout_basic, portal_sewer_entry_d, minmay_misc_feat_pillars,
          grunt_decor_arrowhead

Notes
Turn   | Place    | Note
-------+----------+-------------------------------------------
     0 | D:1      | scionoferis the Minotaur Chaos Knight began the quest for
                  | the Orb.
     0 | D:1      | Reached XP level 1. HP: 19/19 MP: 0/0
   107 | D:1      | XOM: silly message
   250 | D:1      | Reached skill level 4 in Axes
   269 | D:1      | Reached XP level 2. HP: 19/27 MP: 1/1
   298 | D:1      | XOM: 2-stop teleportation journey
   320 | D:1      | XOM: potion effect (attraction)
   324 | D:1      | Reached skill level 4 in Fighting
   503 | D:2      | Found Ahupre Cajui's Armour Shoppe.
   543 | D:2      | Reached XP level 3. HP: 29/33 MP: 2/2
   787 | D:2      | XOM: silly message
   816 | D:2      | Reached skill level 5 in Axes
  1099 | D:2      | XOM: give mutations
  1099 | D:2      | Gained mutation: You have large cloven feet. [Xom's grace]
  1099 | D:2      | Gained mutation: You have sharp fingernails. [Xom's grace]
  1187 | D:3      | Found Luraydom's Armour Boutique.
  1243 | D:3      | Reached XP level 4. HP: 41/41 MP: 3/3
  1313 | D:3      | XOM: noise
  1349 | D:3      | XOM: cloud trail
  1368 | D:3      | Found Fatir's Assorted Antiques.
  1426 | D:3      | XOM: cleaving
  1430 | D:3      | Reached skill level 5 in Fighting
  1430 | D:3      | Reached skill level 6 in Axes
  1430 | D:3      | Reached XP level 5. HP: 31/48 MP: 2/4
  1494 | D:3      | XOM: god gift: 7 stones
  1680 | D:3      | Found Taotit's Book Shoppe.
  1983 | D:4      | XOM: 3-stop teleportation journey
  2016 | D:4      | Noticed an ogre
  2017 | D:4      | XOM: summons friendly crimson imp
  2025 | D:4      | Killed an ogre
  2026 | D:4      | Reached skill level 7 in Axes
  2026 | D:4      | Reached XP level 6. HP: 25/57 MP: 1/5
  2316 | D:4      | Found an opulent altar of Gozag.
  2331 | D:4      | Reached skill level 6 in Fighting
  2465 | D:4      | XOM: god gift: scroll labelled SINIPP QUSAE {god gift}
  2695 | D:4      | XOM: scenery: summon butterflies
  2922 | D:5      | Entered Level 5 of the Dungeon
  2938 | D:5      | Reached skill level 8 in Axes
  2942 | D:5      | Reached XP level 7. HP: 44/64 MP: 3/6
  2974 | D:5      | XOM: snakes to sticks
  2975 | D:5      | XOM: confuse monster(s)
  3060 | D:5      | XOM: noise
  3065 | D:5      | Noticed Ijyb
  3080 | D:5      | XOM: smoke on damage
  3089 | D:5      | XOM: blink monster(s)
  3096 | D:5      | Reached skill level 7 in Fighting
  3096 | D:5      | Reached skill level 9 in Axes
  3101 | D:5      | Killed Ijyb
  3263 | D:5      | Reached XP level 8. HP: 40/73 MP: 5/7
  3279 | D:5      | XOM: 9-stop teleportation journey
  3330 | D:5      | XOM: cloud trail
  3755 | D:3      | Bought a scroll labelled XAACEG KEUREMI for 29 gold pieces
  3755 | D:3      | Bought a sapphire potion for 26 gold pieces
  3755 | D:3      | Bought a scroll labelled ULLUULIGOB for 29 gold pieces
  3755 | D:3      | Bought a scroll labelled VOTYNO IPATT for 29 gold pieces
  3833 | D:5      | HP: 6/65 [wight/+5 long sword (6)]
  3833 | D:5      | HP: 2/63 [wight/+5 long sword (4)]
  3834 | D:5      | Slain by a wight

Vanquished Creatures
  A black bear (D:5)
  An ice beast (D:5)
  An ogre (D:4)
  A centaur (D:5)
  A scorpion (D:4)
  A howler monkey (D:5)
  3 orc priests (D:3 D:4 D:5)
  A gnoll bouda (D:5)
  A hound (D:5)
  A jelly (D:5)
  3 iguanas (D:4 D:5)
  A sleepcap (D:4)
  Ijyb (D:5)
  4 orc wizards (D:3 D:4 D:5)
  3 gnolls (D:4 D:5)
  10 adders (D:2 D:3 D:4 D:5)
  A worm (D:2)
  5 dart slugs (D:1 D:2 D:4 D:5)
  13 orcs (D:3 D:4 D:5)
  5 ball pythons (D:2 D:4)
  6 bats (D:1 D:2 D:3)
  3 endoplasms (D:1 D:2)
  6 giant cockroaches (D:1 D:2 D:3)
  4 goblins (D:1 D:2 D:4)
  3 hobgoblins (D:1 D:3 D:4)
  5 jackals (D:2)
  6 quokkas (D:2 D:3 D:4)
  A frilled lizard (D:1)
  4 kobolds (D:2 D:3 D:4)
  5 rats (D:2 D:3)
101 creatures vanquished.

Table legend: (Time is in decaauts)
 A = Elapsed time spent in this place.
 B = Non-inter-level travel time spent in this place.
 C = Inter-level travel time spent in this place.
 D = Time resting spent in this place.
 E = Time spent auto-exploring this place.
 F = Levels seen in this place.
 G = Mean time per level.
                   A        B        C        D        E       F      G
               +--------+--------+--------+--------+--------+-----+--------+
         Total |   3831 |   3600 |    231 |     76 |   2814 |   6 |  638.5 |
       Dungeon |   3831 |   3600 |    231 |     76 |   2814 |   6 |  638.5 |
               +--------+--------+--------+--------+--------+-----+--------+

Top non-repeatable levels by time:
     D:4: 1144 daAuts
     D:2: 790 daAuts
     D:5: 746 daAuts
     D:3: 733 daAuts
     D:1: 410 daAuts
     D:6: 5 daAuts

Table legend:
 A = Non-vault XP
 B = Vault XP
 C = Vault XP percentage of total XP
 D = Non-vault monster count
 E = Vault monster count
 F = Vault count percentage of total count
                 A         B        C        D         E       F
            +---------+---------+-------+---------+---------+-------
      Total |    1407 |     123 |   8.0 |      94 |       7 |   6.9
            +---------+---------+-------+---------+---------+-------
        D:1 |      21 |       0 |   0.0 |      10 |       0 |   0.0
        D:2 |      72 |       0 |   0.0 |      26 |       0 |   0.0
        D:3 |     146 |       4 |   2.7 |      18 |       2 |  10.0
        D:4 |     421 |      15 |   3.4 |      20 |       1 |   4.8
        D:5 |     747 |     104 |  12.2 |      20 |       4 |  16.7
            +---------+---------+-------+---------+---------+-------
